 Dungeon Crawl Stone Soup version 0.17-a0-1741-gd5e8965 (webtiles) character file.

175 shakdrar the Covert (level 5, 0/34 HPs)
             Began as an Octopode Assassin on Aug 31, 2015.
             Slain by an orc
             ... wielding a +0 club
              (2 damage)
             ... on level 4 of the Dungeon.
             The game lasted 00:10:42 (2788 turns).

shakdrar the Covert (Octopode Assassin)             Turns: 2788, Time: 00:10:42

Health: 0/34       AC:  1    Str: 11    XL:     5   Next: 55%
Magic:  5/5        EV: 13    Int: 13    God:
Gold:   153        SH:  0    Dex: 14    Spells: 0 memorised, 4 levels left

rFire  + . .     SeeInvis .     a - +2 dagger
rCold  + . .     Clarity  .     (no shield)
rNeg   . . .     SustAt   .     (helmet restricted)
rPois  +         Gourm    .     (no amulet)
rElec  +         Spirit   .     (no ring)
rCorr  +         Warding  .     (no ring)
rMut   .         Stasis   .     (no ring)
MR     .....                    (no ring)
Stlth  +++++.....               (no ring)
                                (no ring)
                                (no ring)
                                (no ring)

@: lethally poisoned (0 -> -1), resistant, not resistant to hostile
enchantments, quite stealthy
A: almost no armour, amphibious, 8 rings, constrict 8, camouflage 1, gelatinous
body 1
a: no special abilities


You were on level 4 of the Dungeon.
You were not hungry.

You visited 1 branch of the dungeon, and saw 4 of its levels.

You collected 153 gold pieces.

Inventory:

Hand weapons
 a - a +2 dagger (weapon)
 b - a +1 blowgun
Missiles
 c - 8 poisoned needles
 d - 2 curare-tipped needles
Magical devices
 j - a wand of fireball (8)
Scrolls
 i - 2 scrolls of enchant weapon
 k - 2 scrolls of identify
Potions
 g - a potion of flight
Comestibles
 e - 6 bread rations
 f - 4 fruits
 h - a slice of pizza


   Skills:
 + Level 2.2 Fighting
 + Level 2.6 Short Blades
 + Level 2.0 Throwing
 + Level 2.4 Dodging
 - Level 8.0 Stealth


You had 4 spell levels left.
You didn't know any spells.

Dungeon Overview and Level Annotations

Branches:
Dungeon (4/15)
 Temple: D:4-7

Altars:
Gozag
Zin

Annotations:
D:4 Eustachio


Innate Abilities, Weirdness & Mutations

You cannot wear most types of armour.
You are amphibious.
You can wear up to eight rings at the same time.
You can use your tentacles to constrict eight enemies at once.
Your skin changes colour to match your surroundings (Stealth).
Your rubbery body absorbs attacks (AC +1).


Message History

Something tries to affect you, but you resist.
You closely miss something. You hit something.
You feel sick. Something hits you.
* * * LOW HITPOINT WARNING * * *
You hit something but do no damage.
You hear some strange, mumbled words.
Something tries to affect you, but you resist.
You closely miss something. Something hits you.
* * * LOW HITPOINT WARNING * * *
You hit something. You squeeze something.
Reactivating autopickup.
You feel a bit more experienced.
Drink which item? (? for menu, Esc to quit)
Okay, then.
Read which item? (? for menu, Esc to quit)
Okay, then.
You hit the orc. You grab the orc.
The orc is heavily wounded.
You constrict the orc. The orc hits you with a club.
You die...

#.##.#.# . #.##.#.###
# #.##..... ###
#.##...#
##...####(##..#
#........o##o.#######
...##
#.....))ooo.ooo....%.
.....
#.....#######o###.##
..## ##... #@# #.#
#.# ##.# #.# #.# #.#
#.# #.###.# ##.### .#
#.....## #..... .###
#......#######.###
... ####...#≈≈≈≈≈#.#
######.#
#...#≈♣.♣≈#.###
.......#
#.#.#≈._..'....
########
#.###≈♣.♣≈#.###


You could see 5 orcs.

Vanquished Creatures
  An orc wizard (D:4)
  2 gnolls (D:1)
  5 adders
  2 worms (D:2)
  2 giant geckos
  5 orcs
  4 giant cockroaches
  4 goblins
  11 hobgoblins
  8 jackals
  8 bats
  5 giant newts
  A jackal skeleton (D:4)
  10 kobolds
  A quokka (D:4)
  3 rats
72 creatures vanquished.

Notes
Turn   | Place    | Note
--------------------------------------------------------------
     0 | D:1      | shakdrar the Octopode Assassin began the quest for the Orb.
     0 | D:1      | Reached XP level 1. HP: 14/14 MP: 1/1
   144 | D:1      | Reached skill level 6 in Stealth
   144 | D:1      | Reached XP level 2. HP: 6/19 MP: 2/2
   745 | D:1      | Reached XP level 3. HP: 22/24 MP: 3/3
   994 | D:2      | Found an opulent altar of Gozag.
  1295 | D:2      | Reached skill level 7 in Stealth
  1316 | D:2      | Reached XP level 4. HP: 29/29 MP: 4/4
  2407 | D:4      | Reached XP level 5. HP: 32/34 MP: 5/5
  2559 | D:4      | Noticed Eustachio
  2680 | D:4      | Found a glowing silver altar of Zin.
  2697 | D:4      | Reached skill level 8 in Stealth
  2788 | D:4      | Slain by an orc

Vault maps used:
D:1:      matt_arrival_grand_opening
D:2:      nicolae_gozag_seed_capital
D:4:      kennysheep_little_box, led_xom_imps, uniq_eustachio

Action                   |  1- 3 |  4- 6 || total
-------------------------+-------+-------++-------
Melee: Dagger            |    55 |    88 ||   143
  Use: Scroll            |     5 |     1 ||     6
       Potion            |     2 |     2 ||     4
 Stab: Sleeping          |    12 |    16 ||    28
       Distracted        |       |     1 ||     1
  Eat: Chunk             |     1 |       ||     1
       Bread ration      |       |     1 ||     1
       Beef jerky        |       |     1 ||     1
